 Dungeon Crawl Stone Soup version 0.29.1-15-g9cfb28693d (webtiles) character file.

Game seed: 3722949665930249566

459 H0rd4k the Insei (level 7, -4/46 HPs)
             Began as an Octopode Artificer on Apr 3, 2023.
             Slain by a wight
             ... wielding a +3 halberd of freezing
              (7 damage)
             ... on level 3 of the Dungeon.
             The game lasted 00:02:15 (2964 turns).

H0rd4k the Insei (Octopode Artificer)               Turns: 2964, Time: 00:02:17

Health: -4/46      AC:  3    Str: 12    XL:     7   Next: 6%
Magic:  12/12      EV: 13    Int: 15    God:
Gold:   143        SH:  0    Dex: 12    Spells: 12/12 levels left

rFire   . . .      SeeInvis .     - Unarmed
rCold   . . .      Faith    .   (no shield)
rNeg    . . .      Spirit   .   j - +2 hat
rPois   .          Reflect  .   (no amulet)
rElec   .          Harm     .   (no ring)
rCorr   .          Rampage  .   (no ring)
Will    .....                   (no ring)
Stlth   +++.......              (no ring)
HPRegen 0.15/turn               (no ring)
MPRegen 0.13/turn               (no ring)
                                (no ring)
                                (no ring)

@: no status effects
A: almost no armour, amphibious, 8 rings, camouflage 1, gelatinous body 1,
(nimble swimmer 1), tentacles
a: no special abilities


You were on level 3 of the Dungeon.
You visited 1 branch of the dungeon, and saw 3 of its levels.

You collected 143 gold pieces.

Inventory:

Armour
 j - a +2 hat (worn)
Wands
 b - a wand of flame (11) (quivered)
 c - a wand of charming (11)
Scrolls
 a - a scroll of fear {unknown}
 f - 2 scrolls of blinking {unknown}
 i - 3 scrolls of identify {unknown}
 l - a scroll of fog {unknown}
 m - a scroll of teleportation {unknown}
 n - 2 scrolls of poison {unknown}
Potions
 e - a potion of haste {unknown}
 g - 2 potions of cancellation {unknown}
 h - a potion of curing {unknown}
 k - 2 potions of heal wounds {unknown}


   Skills:
 * Level 3.5 Fighting
 - Level 2.3 Dodging
 - Level 1.3 Stealth
 + Level 4.4 Unarmed Combat
 * Level 3.3 Spellcasting
 - Level 3.2 Evocations


You had 12 spell levels left.
You didn't know any spells.
Your spell library contained the following spells:

 Spells                   Type           Power      Damage    Failure   Level
 Foxfire                  Conj/Fire      8%         2x1d4     19%         1
 Shock                    Conj/Air       8%         1d3       19%         1
 Conjure Flame            Conj/Fire      2%         6-21      50%         3
 Inner Flame              Hex/Fire       2%         N/A       50%         3
 Swiftness                Air            2%         N/A       50%         3
 Airstrike                Air            1%         2d(1-17)  88%         4
 Flame Wave               Conj/Fire      2%         2d4       88%         4


Dungeon Overview and Level Annotations

Branches:
Dungeon (3/15)

Altars:

Shops:
D:3 =


Innate Abilities, Weirdness & Mutations

You cannot wear most types of armour.
You are amphibious.
You can wear up to eight rings at the same time.
Your skin changes colour to match your surroundings (Stealth+).
Your rubbery body absorbs attacks. (AC +1, EV +1)
((You are camouflaged when in or above water. (Stealth+)))
You have tentacles for arms and can constrict up to eight enemies at once.


Message History

A wight is nearby!
A wight is nearby!
A wight is nearby!
The wight barely misses you. The wight misses you.
You tentacle-slap the wight. You grab the wight.
The wight is lightly damaged.
You constrict the wight, but do no damage.
The wight barely misses you.
You tentacle-slap the wight but do no damage.
You squeeze the wight, but do no damage.
The wight is lightly damaged.
You constrict the wight.
The wight hits you with a +3 halberd of freezing.
The wight freezes you.
You tentacle-slap the wight but do no damage.
The wight is lightly damaged.
You constrict the wight, but do no damage.
The wight barely misses you.
You tentacle-slap the wight but do no damage.
You squeeze the wight.
The wight is moderately damaged.
You constrict the wight. The wight closely misses you.
You completely miss the wight.
The wight is moderately damaged.
You constrict the wight.
The wight hits you with a +3 halberd of freezing!
The wight freezes you.
You tentacle-slap the wight.
The wight is severely damaged.
You constrict the wight, but do no damage.
The wight closely misses you.
You tentacle-slap the wight but do no damage.
Your squeeze misses the wight.
The wight is severely damaged.
You constrict the wight.
The wight hits you with a +3 halberd of freezing!!
* * * LOW HITPOINT WARNING * * *
The wight freezes you!
You die...

....... #. ###........#
.[.....### #. ######...##.....#
.....)...#####.##......#....#####
.....)##..........####...#.##
#.....####.# #.##..#
###.###....#.# #.##.## ##.....
####...### ##.##.# ....## ###!z.#
#.....# ###.# #.@.###...### ### #
##..#...### #<† # ##..#..## #.#
#.....## #.# ##.#...# ###.# #
####..#..## ###...# ###.#
###....##..########...### ....##
##...#...>....##.....###
###...##..##(...#..#†)..#####


You could see a wight.

Vanquished Creatures
  Grinder (D:3)
  2 wights (D:3)
  A hound (D:2)
  Natasha (twice) (D:3)
  An adder (D:2)
  A gnoll (D:2)
  2 worms (D:3)
  2 dart slugs
  2 endoplasms (D:1)
  2 giant cockroaches (D:3)
  6 goblins
  2 hobgoblins
  5 jackals
  6 kobolds
  2 quokkas
  3 ball pythons
  6 bats
  3 frilled lizards
  5 rats
54 creatures vanquished.

Vanquished Creatures (collateral kills)
  A wight (D:3)
  An endoplasm (D:3)
  A hobgoblin (D:3)
  4 jackals (D:3)
  A goblin (D:3)
8 creatures vanquished.

Vanquished Creatures (others)
  A wight (D:3)
1 creature vanquished.

Grand Total: 63 creatures vanquished

Notes
Turn   | Place    | Note
-------+----------+-------------------------------------------
     0 | D:1      | H0rd4k the Octopode Artificer began the quest for the Orb.
     0 | D:1      | Reached XP level 1. HP: 13/13 MP: 1/1
    73 | D:1      | Reached skill level 1 in Spellcasting
   274 | D:1      | Reached XP level 2. HP: 18/18 MP: 3/3
   662 | D:1      | Found a faded altar of an unknown god.
  1682 | D:2      | Reached XP level 3. HP: 24/24 MP: 5/5
  1697 | D:2      | Reached skill level 1 in Unarmed Combat
  1830 | D:2      | Reached XP level 4. HP: 29/29 MP: 7/7
  2380 | D:3      | Noticed Natasha
  2403 | D:3      | Reached skill level 2 in Unarmed Combat
  2461 | D:3      | Noticed a water moccasin
  2495 | D:3      | Found Muath's Jewellery Shop.
  2507 | D:3      | Reached XP level 5. HP: 15/35 MP: 8/8
  2527 | D:3      | Reached skill level 3 in Unarmed Combat
  2806 | D:3      | Noticed Grinder
  2838 | D:3      | Reached XP level 6. HP: 28/42 MP: 10/10
  2862 | D:3      | Killed Natasha
  2941 | D:3      | Killed Grinder
  2942 | D:3      | Reached skill level 4 in Unarmed Combat
  2942 | D:3      | Reached XP level 7. HP: 33/46 MP: 11/11
  2945 | D:3      | Noticed Natasha
  2947 | D:3      | Killed Natasha
  2964 | D:3      | Slain by a wight

Illustrated notes

Levels and vault maps discovered:
D:1:      minmay_arrival_solitary_statue, layout_basic,
          hellmonk_ecumenical_altar_prayer_group, minmay_shallow_snake_nest
D:2:      layout_rooms, minivault_4, cheibrodos_gnoll_hut
D:3:      layout_rooms, serial_shops, shop, minmay_misc_feat_doors,
          minmay_misc_feat_five, lightli_corner_chamber, uniq_natasha,
          uniq_crazy_yiuf_cottage, uniq_grinder

Skill      XL: |  1  2  3  4  5  6 |
---------------+-------------------+-----
Spellcasting   | 1 2 3 |  3.3
Fighting       | 2 3 |  3.5
Unarmed Combat | 1 2 3 4 |  4.4
Dodging        | |  2.3
Stealth        | |  1.3
Evocations     | |  3.2

Action                   |  1- 3 |  4- 6 |  7- 9 || total
-------------------------+-------+-------+-------++-------
Melee: Unarmed           |    63 |    68 |     7 ||   138
       Constrict         |    15 |    19 |     1 ||    35
       Tentacles         |    14 |    19 |     2 ||    35
       Punch             |       |     5 |       ||     5
Evoke: Wand              |       |    11 |     2 ||    13
 Stab: Sleeping          |     5 |     6 |       ||    11
Armor: Skin              |     9 |     5 |       ||    14
Dodge: Dodged            |    45 |    36 |     6 ||    87
